AoeStats
← Leonhard7186

MegaRandom

510637008Analyzed
2v2 RM · 2d ago on Oct 1, 2026· 50m 51s· 4 players
Game mode
Random Map
Map size
Medium (4 player)
Population
200
Speed
Normal
Resources
Standard
Victory
Conquest
Starting age
Dark Age
Ending age
Imperial Age
RankedLock teamsTeams togetherTeam positionsShared explorationLock speedFull tech treeHidden civsTurbo modeCheats
Victory
Defeat
🇹🇷 Mongols · Türkiye
849
+22
🇹🇷 Burmese · Türkiye
824
+20
🇦🇷 Jurchens · Argentina
930
-20
🇦🇷 Vietnamese · Argentina
929
-20
ocak.mustafa.1144
3:45 Loom
6:25 Loom
13:05 Feudal Age
14:49 Double-Bit Axe
17:44 Castle Age
16:39 Fletching
17:25 Horse Collar
18:01 Bloodlines
19:14 Bow Saw
22:00 Padded Archer Armor
26:16 Wheelbarrow
25:14 Elite Skirmisher
27:33 Bodkin Arrow
27:54 Leather Archer Armor
29:04 Husbandry
29:45 Murder Holes
29:22 Light Cavalry
31:23 Heavy Plow
33:04 Forging
33:00 Scale Barding Armor
33:24 Masonry
33:38 Ballistics
34:28 Iron Casting
40:03 Imperial Age
41:44 Hand Cart
42:07 Conscription
41:52 Gold Mining
41:53 Stone Mining
42:17 Hussar
42:23 Hussar
43:24 Elite Mangudai
46:17 Hoardings
46:46 Chemistry
45:57 Masonry
46:17 Bracer
47:18 Blast Furnace
48:48 Chain Barding Armor
48:20 Capped Ram
fahre
3:00 Loom
10:52 Feudal Age
11:50 Horse Collar
13:21 Gold Mining
12:56 Man-at-Arms
18:40 Bloodlines
20:17 Forging
23:38 Scale Barding Armor
45:05 Castle Age
47:01 Heavy Plow
47:07 Husbandry
50:08 Fletching
50:19 Padded Archer Armor
Deakoon
9:30 Loom
13:11 Feudal Age
15:33 Gold Mining
15:32 Double-Bit Axe
23:57 Castle Age
23:43 Fletching
23:54 Padded Archer Armor
24:10 Forging
24:20 Stone Mining
24:48 Bodkin Arrow
25:02 Crossbowman
25:53 Horse Collar
27:39 Bloodlines
27:32 Husbandry
37:43 Imperial Age
36:48 Scale Barding Armor
39:42 Iron Casting
41:41 Leather Archer Armor
41:53 Ballistics
42:45 Town Watch
44:52 Chemistry
Leonhard7186
8:30 Loom
11:05 Feudal Age
12:44 Double-Bit Axe
19:49 Fletching
25:08 Castle Age
26:55 Bodkin Arrow
30:49 Imperial Age
40:48 Elite Skirmisher
42:00 Bracer
42:01 Padded Archer Armor
44:08 Imperial Skirmisher
47:05 Chemistry
46:26 Ballistics
Connection lost

Rejoining the realm…

Still unreachable

The connection could not be restored.

Session expired

The server has moved on; the page needs a fresh start.